 Dungeon Sprint DCSS version 0.21.1 (webtiles) character file.

696 stupendous the Carver (level 7, 0/62 HPs)
             Began as a Formicid Fighter on Feb 3, 2018.
             Slain by a polar bear (2 damage)
             ... in the Dungeon (Sprint II: "The Violet Keep of Menkaure").
             The game lasted 00:01:32 (545 turns).

stupendous the Carver (Formicid Fighter)             Turns: 545, Time: 00:01:32

Health: 0/62       AC:  8    Str: 21    XL:     7   Next: 97%
Magic:  7/7        EV:  9    Int:  7    God:
Gold:   729        SH: 11    Dex: 12    Spells: 6/6 levels left

rFire    . . .     SeeInvis +   a - +0 long sword
rCold    . . .     Gourm    .   c - +0 shield
rNeg     . . .     Faith    .   b - +0 scale mail
rPois    .         Spirit   .   (helmet unavailable)
rElec    .         Reflect  .   (no cloak)
rCorr    .         Harm     .   (no gloves)
MR       .....                  (no boots)
Stlth    ..........             (no amulet)
HPRegen  0.20/turn              (no ring)
MPRegen  0.10/turn              (no ring)

@: no status effects
A: permanent stasis, dig shafts and tunnels, four strong arms, antennae 3
a: Dig


You were in the Dungeon.
You were not hungry.

You visited 1 branch You collected 729 gold pieces.

Inventory:

Hand Weapons
 a - a +0 long sword (weapon)
Armour
 b - a +0 scale mail (worn)
 c - a +0 shield (worn)
Scrolls
 k - a scroll of blinking
Potions
 h - a potion of haste
 i - 2 potions of magic
 j - a potion of berserk rage
Comestibles
 d - a chunk of flesh
 f - a ration


   Skills:
 - Level 8.2 Fighting
 + Level 11.1 Long Blades
 - Level 8.2 Armour
 - Level 9.0 Shields


You had 6 spell levels left.
You didn't know any spells.

Dungeon Overview and Level Annotations

Branches:
Dungeon (1/1)

Altars:
Cheibriados
Dithmenos
Elyvilon
Fedhas
Hepliaklqana
Kikubaaqudgha
Makhleb
Nemelex Xobeh
Qazlal
Ru
Sif Muna
Trog
Uskayaw
Vehumet
Wu Jian
Xom
Yredelemnul
Zin
The Shining One
Beogh
Jiyva
Lugonu


Innate Abilities, Weirdness & Mutations

You cannot be hasted, slowed, berserked, paralysed or teleported.
You can dig through walls and to a lower floor.
Your four strong arms can wield two-handed weapons with a shield.
You have a pair of large antennae on your head. (SInv)


Message History

You hit the polar bear but do no damage.
The polar bear is severely wounded.
The polar bear bites you!
* * * LOW HITPOINT WARNING * * *
The polar bear closely misses you. You block the polar bear's attack.
You hit the polar bear.
The polar bear is severely wounded.
You block the polar bear's attack. x2
The polar bear claws you but does no damage.
You feel better. You block the polar bear's attack.
The polar bear claws you but does no damage. x2
You block the polar bear's attack.
The polar bear claws you but does no damage.
The polar bear claws you.
You slash the polar bear!
The polar bear is almost dead.
The polar bear bites you!!
* * * LOW HITPOINT WARNING * * *
You block the polar bear's attack. The polar bear claws you.
You die...

.. { #+# .. {{ {
###.###.#### .### #..#..#
...#{ ...# ####.#.### ..##
#..# #
##.###'###.##..#{{+.^# .#
#.).##.####.#..#{ #..#{.#
+.#.'.<.'.##hh.### ..##.# (!
#...##.##..@#{...###...##▓▓▓
##.###+###.##.....h≈≈≈≈≈≈≈≈≈
## ###≈≈.....≈#'###### {{
{{#≈§≈≈≈≈≈§.≈#.._._._ {
#≈≈≈§≈≈≈≈.≈#._._._. {
#≈≈≈§≈≈§§≈≈≈#_._._._
≈≈≈≈§§§§§§≈≈#._._._.
++#≈≈§≈≈≈≈≈≈#.._._._
##≈§≈###§§#..._._.


You could see 2 polar bears.

Vanquished Creatures
  A merfolk siren (D)
  A hornet (D)
  A crocodile (D)
  4 worker ants (D)
  3 worms (D)
10 creatures vanquished.

Vanquished Creatures (others)
  Menkaure (D)
  A crocodile (D)
2 creatures vanquished.

Grand Total: 12 creatures vanquished

Notes
Turn   | Place    | Note
-------+----------+-------------------------------------------
     0 | D        | stupendous the Formicid Fighter began the quest for the Orb.
     0 | D        | Reached XP level 1. HP: 18/18 MP: 1/1
     1 | D        | Noticed a merfolk siren
    11 | D        | Killed a merfolk siren
    11 | D        | Reached skill level 6 in Long Blades
    11 | D        | Reached XP level 2. HP: 21/32 MP: 2/2
    11 | D        | Reached XP level 3. HP: 24/37 MP: 3/3
    11 | D        | Reached XP level 4. HP: 28/44 MP: 4/4
    11 | D        | Reached XP level 5. HP: 32/49 MP: 5/5
    11 | D        | Reached XP level 6. HP: 36/56 MP: 6/6
    39 | D        | Killed Menkaure
   133 | D        | Reached skill level 7 in Long Blades
   150 | D        | Reached XP level 7. HP: 46/62 MP: 7/7
   158 | D        | Reached skill level 8 in Long Blades
   384 | D        | Reached skill level 9 in Long Blades
   497 | D        | Found a roughly hewn altar of Beogh.
   498 | D        | Found a hazy altar of Hepliaklqana.
   498 | D        | Found a snail-covered altar of Cheibriados.
   499 | D        | Found a stormy altar of Qazlal.
   499 | D        | Found a viscous altar of Jiyva.
   499 | D        | Found a shadowy altar of Dithmenos.
   500 | D        | Found a sacrificial altar of Ru.
   500 | D        | Found an ancient bone altar of Kikubaaqudgha.
   500 | D        | Found a white marble altar of Elyvilon.
   501 | D        | Found an ornate altar of the Wu Jian Council.
   501 | D        | Found a deep blue altar of Sif Muna.
   501 | D        | Found a corrupted altar of Lugonu.
   502 | D        | Found a shimmering altar of Xom.
   502 | D        | Found a bloodstained altar of Trog.
   502 | D        | Found a burning altar of Makhleb.
   503 | D        | Found a glowing golden altar of the Shining One.
   503 | D        | Found a basalt altar of Yredelemnul.
   503 | D        | Found a hide-covered altar of Uskayaw.
   505 | D        | Found a glowing silver altar of Zin.
   505 | D        | Found a radiant altar of Vehumet.
   505 | D        | Found a blossoming altar of Fedhas.
   505 | D        | Found a sparkling altar of Nemelex Xobeh.
   505 | D        | Noticed a hornet
   505 | D        | Noticed a polar bear
   506 | D        | Noticed a polar bear
   507 | D        | Noticed a polar bear
   531 | D        | Killed a hornet
   531 | D        | Reached skill level 11 in Long Blades
   545 | D        | HP: 2/62 [polar bear (21)]
   545 | D        | Slain by a polar bear

Skill      XL: |  1  2  3  4  5  6  7 |
---------------+----------------------+-----
Fighting       | 7 8 |  8.2
Long Blades    | 6 7 11 | 11.1
Armour         | 7 8 |  8.2
Shields        | 8 9 |  9.0

Action                   |  1- 3 |  4- 6 |  7- 9 || total
-------------------------+-------+-------+-------++-------
Melee: Long sword        |     7 |    26 |    61 ||    94
  Use: Potion            |     1 |       |     2 ||     3
Armor: Scale mail        |       |    12 |    19 ||    31
Dodge: Dodged            |     1 |     2 |    14 ||    17
Block: Shield            |       |    12 |    32 ||    44
       Rpst.: Long sword |     1 |     1 |     6 ||     8
